 Dungeon Crawl Stone Soup version 0.18-a0-1203-gbde16db (webtiles) character file.

109 Kidiri the Conjurer (level 4, 0/24 HPs)
             Began as a Deep Elf Conjurer on Feb 1, 2016.
             Killed by nerve-wracking pain
             ... invoked by Jessica
              (5 damage)
             ... on level 2 of the Dungeon.
             The game lasted 00:06:01 (1668 turns).

Kidiri the Conjurer (Deep Elf Conjurer)             Turns: 1668, Time: 00:06:02

Health: 0/24       AC:  2    Str:  5    XL:     4   Next: 59%
Magic:  6/11       EV: 10    Int: 21    God:
Gold:   51         SH:  0    Dex: 15    Spells: 3 memorised, 4 levels left

rFire  . . .     SeeInvis .     e - +0 dagger
rCold  . . .     Gourm    .     a - +0 robe
rNeg   . . .     Faith    .     l - +0 shield
rPois  .         Spirit   .     (no helmet)
rElec  .         Dismiss  .     (no cloak)
rCorr  .         Reflect  .     (no gloves)
SustAt .         Harm     .     (no boots)
MR     .....                    (no amulet)
Stlth  +.........               (no ring)
                                (no ring)

@: confused, not resistant to hostile enchantments, very unstealthy
A: no striking features
a: no special abilities


You were on level 2 of the Dungeon.
You were very hungry.

You visited 1 branch of the dungeon, and saw 2 of its levels.

You collected 51 gold pieces.

Inventory:

Hand Weapons
 e - a +0 dagger (weapon)
Armour
 a - a +0 robe (worn)
 l - a +0 shield (worn)
Scrolls
 d - a scroll of fog {unknown}
Potions
 f - a potion of agility
 j - a potion of lignification {unknown}
 k - a potion of heal wounds {unknown}
Books
 b - a book of Conjurations

   Spells                             Type                      Level
   a - Magic Dart                     Conjuration                  1
   b - Searing Ray                    Conjuration                  2
   c - Dazzling Spray                 Conjuration/Hexes            3
   d - Fulminant Prism                Conjuration/Hexes            4
   e - Iskenderun's Mystic Blast      Conjuration                  4
   f - Iskenderun's Battlesphere      Conjuration/Charms           5
Comestibles
 c - a bread ration
 g - a chunk of flesh


   Skills:
 + Level 0.5 Fighting
 + Level 0.4 Armour
 * Level 3.2 Dodging
 + Level 2.8 Stealth
 + Level 0.1 Shields
 * Level 3.5 Spellcasting
 * Level 5.5 Conjurations
 + Level 0.6 Hexes


You had 4 spell levels left.
You knew the following spells:

 Your Spells              Type           Power        Failure   Level  Hunger
a - Magic Dart            Conj           ####         12%         1    None
b - Searing Ray           Conj           ####..       17%         2    ##.....
c - Dazzling Spray        Conj/Hex       ###.....     73%         3    ###....


Dungeon Overview and Level Annotations

Branches:
Dungeon (2/15)

Altars:
Fedhas
Kikubaaqudgha
Yredelemnul

Annotations:
D:2 Jessica


Message History

Jessica is no longer moving quickly.
You bump into the rock wall.
Jessica hits you.
Your magical contamination has completely faded away.
You bump into the rock wall.
Jessica closely misses you.
You closely miss Jessica.
Jessica is heavily wounded.
Jessica shouts, "You're disturbing me!
I'll have to kill you!"
Jessica points at you and mumbles some strange words.
Pain shoots through your body!
* * * LOW HITPOINT WARNING * * *
You miss Jessica.
Jessica is heavily wounded.
Jessica points at you and mumbles some strange words.
You resist with some effort.
You bump into the rock wall.
Jessica misses you.
You miss Jessica.
Jessica is heavily wounded.
Jessica points at you and mumbles some strange words.
Pain shoots through your body!
You die...

#..##.....##......#
#..#.......#..#####
#..#.......#..######
#......_............
##.#.......#.#######
#.#.......#....#
#.##...".##..#.#
#.####.####..#.#
#.......@@..##@#
##############S# #.#
..# #.#


You could see Jessica.

Vanquished Creatures
  Ijyb (D:2)
  3 adders (D:2)
  An ooze (D:2)
  2 worms (D:2)
  2 giant cockroaches (D:2)
  8 hobgoblins
  4 jackals
  5 kobolds
  A quokka (D:2)
  A ball python (D:1)
  8 bats
  2 giant newts (D:1)
  5 goblins
  4 rats
47 creatures vanquished.

Notes
Turn   | Place    | Note
--------------------------------------------------------------
     0 | D:1      | Kidiri the Deep Elf Conjurer began the quest for the Orb.
     0 | D:1      | Reached XP level 1. HP: 10/10 MP: 6/6
   197 | D:1      | Reached XP level 2. HP: 15/15 MP: 5/8
   201 | D:1      | Learned a level 2 spell: Searing Ray
   386 | D:1      | Reached skill level 5 in Conjurations
   712 | D:2      | Reached XP level 3. HP: 19/19 MP: 6/9
   724 | D:2      | Found a basalt altar of Yredelemnul.
   742 | D:2      | Noticed Ijyb
   754 | D:2      | Killed Ijyb
   759 | D:2      | Learned a level 3 spell: Dazzling Spray
  1029 | D:2      | Reached XP level 4. HP: 24/24 MP: 9/11
  1061 | D:2      | Found an ancient bone altar of Kikubaaqudgha.
  1428 | D:2      | Found a blossoming altar of Fedhas.
  1617 | D:2      | Noticed Jessica
  1668 | D:2      | Killed from afar by Jessica

Vault maps used:
D:1:      lightli_arrival_noodles
D:2:      kiku_gazebo_garden_becter, nicolae_overflow_crystal_walls,
          old_standard_altar, uniq_jessica, uniq_iyjb

Action                   |  1- 3 |  4- 6 || total
-------------------------+-------+-------++-------
Melee: Dagger            |     7 |     8 ||    15
 Cast: Magic Dart        |    59 |    36 ||    95
       Searing Ray       |     1 |       ||     1
       Dazzling Spray    |       |     1 ||     1
  Use: Scroll            |       |     3 ||     3
       Potion            |       |     1 ||     1
 Stab: Sleeping          |       |     1 ||     1
  Eat: Chunk             |       |     1 ||     1
